 Dungeon Crawl Stone Soup version 0.19.4-9-g45fd643 (webtiles) character file.

132 LORDOFBUTT the Sneak (level 4, -2/21 HPs)
             Began as a Spriggan Enchanter on Feb 20, 2017.
             Slain by Grinder (5 damage)
             ... on level 3 of the Dungeon.
             The game lasted 00:05:15 (3245 turns).

LORDOFBUTT the Sneak (Spriggan Enchanter)           Turns: 3245, Time: 00:05:16

Health: -2/21      AC:  4    Str:  5    XL:     4   Next: 92%
Magic:  1/11       EV: 18    Int: 16    God:
Gold:   139        SH:  0    Dex: 16    Spells: 3 memorised, 5 levels left

rFire  x . .     SeeInvis +     a - +3 dagger
rCold  + . .     Gourm    .     b - +2 robe
rNeg   . . .     Faith    .     (shield restricted)
rPois  .         Spirit   .     (helmet restricted)
rElec  .         Reflect  .     (no cloak)
rCorr  .         Harm     .     (gloves unavailable)
MR     +....                    (boots unavailable)
Stlth  +++.......               (no amulet)
                                r - ring of ice
                                n - ring of protection from magic

@: very quick
A: unfitting armour, see invisible, herbivore 3, speed 3, slow metabolism 2
a: no special abilities


You were on level 3 of the Dungeon.
You were not hungry.

You visited 1 branch of the dungeon, and saw 3 of its levels.

You collected 139 gold pieces.

Inventory:

Hand Weapons
 a - a +3 dagger (weapon)
Missiles
 l - 16 poisoned needles
Armour
 b - a +2 robe (worn)
Jewellery
 n - a ring of protection from magic (left hand)
 r - a ring of ice (right hand)
 s - an uncursed ring of loudness
Scrolls
 e - a scroll of amnesia
 f - a scroll of blinking
 g - a scroll of enchant armour
 k - 2 scrolls of immolation {unknown}
 m - a scroll of identify
Potions
 j - a potion of flight
 q - a potion of cure mutation
Books
 c - a book of Maledictions

   Spells                             Type                      Level
   a - Corona                         Hexes                        1
   b - Ensorcelled Hibernation        Hexes/Ice                    2
   c - Confuse                        Hexes                        3
   d - Tukima's Dance                 Hexes                        3
   e - Dazzling Spray                 Conjuration/Hexes            3
Comestibles
 d - 3 bread rations
 o - a royal jelly


   Skills:
 - Level 1.1 Short Blades
 - Level 3.0 Dodging
 + Level 5.4 Stealth
 * Level 4.3 Spellcasting
 * Level 5.3 Hexes


You had 5 spell levels left.
You knew the following spells:

 Your Spells              Type           Power        Failure   Level  Hunger
a - Corona                Hex            ###....      1%          1    None
b - Ensorcelled Hibernat  Hex/Ice        ###...       10%         2    ##.....
c - Confuse               Hex            ###.....     8%          3    ###....


Dungeon Overview and Level Annotations

Branches:
Dungeon (3/15)

Altars:
Dithmenos
Xom
The Shining One

Annotations:
D:3 Grinder


Innate Abilities, Weirdness & Mutations

You are very small and have problems with some larger weapons.
You are too small for most types of armour.
You have supernaturally acute eyesight. (SInv)
You are a herbivore.
You cover ground extremely quickly.
You need consume almost no food.


Message History

Casting: Ensorcelled Hibernation
Confirm with . or Enter, or press ? or * to list all spells.
Aiming: Confuse
Press: ? - help, Shift-Dir - straight line, f/p - Grinder
Aim: Grinder (severely wounded, chance to defeat MR: 50%) Grinder appears confused.
You hit Grinder but do no damage.
Grinder is severely wounded.
Grinder barely misses you.
You hit Grinder.
Grinder is severely wounded.
Grinder barely misses you.
You hit Grinder.
Grinder is almost dead.
You hit Grinder but do no damage.
Grinder is almost dead.
Grinder hits you!
* * * LOW HITPOINT WARNING * * *
You writhe in agony.
You die...

#.# #.#
#.................
#.# #.#
#............####.
#.# #.#
#..........### ##
####.#####.#
#>........## #
....[......#
#.........# #
.....#####.#
########.##### #
###### #.#
#............# #.#
#.######.###.# #.#
#@# #.# #.#####
#.#####5#
#.###......
#..5....#
#......#.#.
#.#######
##......### #.#
#.....## # #.#
#..†..# #.#
#.....## #
#.#########
###.##.###
#.........#
#.###.#.


You could see Grinder (confused).

Vanquished Creatures
  Terence (D:2)
  5 adders
  2 worms
  3 leopard geckos (D:1)
  2 giant cockroaches
  5 goblins
  7 hobgoblins
  4 jackals (D:2)
  A ball python (D:2)
  8 bats
  6 frilled lizards
  6 kobolds
  2 rats (D:2)
52 creatures vanquished.

Notes
Turn   | Place    | Note
-------+----------+-------------------------------------------
     0 | D:1      | LORDOFBUTT the Spriggan Enchanter began the quest for the Orb.
     0 | D:1      | Reached XP level 1. HP: 9/9 MP: 5/5
   235 | D:1      | Reached XP level 2. HP: 12/13 MP: 6/6
   660 | D:2      | Learned a level 2 spell: Ensorcelled Hibernation
   857 | D:2      | Reached XP level 3. HP: 3/16 MP: 9/9
  1401 | D:2      | Reached skill level 5 in Stealth
  1525 | D:2      | Noticed Terence
  1832 | D:1      | Reached XP level 4. HP: 11/21 MP: 10/10
  1979 | D:1      | Learned a level 3 spell: Confuse
  1986 | D:2      | Killed Terence
  1986 | D:2      | Reached skill level 5 in Hexes
  2435 | D:3      | Found a shimmering altar of Xom.
  2440 | D:3      | Found a shadowy altar of Dithmenos.
  2540 | D:3      | Learned a level 1 spell: Corona
  2628 | D:3      | Found a glowing golden altar of the Shining One.
  2828 | D:3      | Noticed Grinder
  3204 | D:3      | HP: 1/21 [Grinder (5)]
  3245 | D:3      | Slain by Grinder

Skill      XL: |  1  2  3  4 |
---------------+-------------+-----
Hexes          | 4 5 |  5.3
Spellcasting   | 3 4 |  4.3
Stealth        | 5 |  5.4
Short Blades   | |  1.1
Dodging        | |  3.0

Action                   |  1- 3 |  4- 6 || total
-------------------------+-------+-------++-------
Melee: Dagger            |   174 |    96 ||   270
 Cast: Ensorcelled Hiber |     1 |     9 ||    10
       Confuse           |       |     9 ||     9
  Use: Potion            |     2 |     1 ||     3
       Scroll            |       |    10 ||    10
 Stab: Sleeping          |     8 |     7 ||    15
       Confused          |       |     3 ||     3
  Eat: Pizza             |       |     1 ||     1
Armor: Robe              |    19 |    13 ||    32
Dodge: Dodged            |   149 |    78 ||   227
